 Dungeon Crawl Stone Soup version 0.31-a0-200-gbc41564c69 (webtiles) character file.

Game seed: 11128409029984277780

24 qw the Shooter (level 2, -4/16 HPs)
             Began as a Deep Elf Hunter on June 25, 2023.
             Slain by Natasha (8 damage)
             ... on level 2 of the Dungeon.
             The game lasted 00:00:14 (615 turns).

qw the Shooter (Deep Elf Hunter)                     Turns: 615, Time: 00:00:14

Health: -4/16      AC:  7    Str:  8    XL:     2   Next: 79%
Magic:  4/4        EV:  8    Int: 13    God:
Gold:   37         SH:  0    Dex: 18    Spells: 1/1 levels left

rFire   . . .        Y - +0 shortbow
rCold   . . .        (shield currently unavailable)
rNeg    . . .        g - +0 scale mail
rPois   .            (no helmet)
rElec   .            (no cloak)
rCorr   .            e - +0 pair of gloves
SInv    .            (no boots)
Will    .....        (no amulet)
Stlth   +            (no ring)
HPRegen 0.22/turn    (no ring)
MPRegen 0.09/turn

%: no passive effects
@: slowed, very slow
A: no striking features
a: no special abilities


You were on level 2 of the Dungeon.
You visited 1 branch of the dungeon, and saw 2 of its levels.

You collected 65 gold pieces.
You spent 28 gold pieces at shops.


   Skills:
 - Level 1.5 Fighting
 + Level 6.5 Ranged Weapons
 - Level 2.4 Dodging
 - Level 1.2 Stealth


You had one spell level left.
You didn't know any spells.
Your spell library was empty.

Inventory:

Hand Weapons
 Y - a +0 shortbow (weapon)
Armour
 e - a +0 pair of gloves (worn)
 g - a +0 scale mail (worn)
Jewellery
 b - a +4 ring of protection
Scrolls
 a - a scroll of blinking {unknown}
 c - a scroll of enchant armour {unknown}
 i - a scroll of identify
Potions
 d - a potion of curing {unknown}
 f - a potion of heal wounds {unknown}
 h - a potion of ambrosia {unknown}

Dungeon Overview and Level Annotations

Branches:
Dungeon (2/15)

Altars:

Shops:
D:2 *

Annotations:
D:2 Natasha


Message History

You can access your shopping list by pressing '$'.
449 ||| BUYING scroll of identify (28 gold).
i - a scroll of identify Thank you for shopping at Vicryw's General Store!
You can access your shopping list by pressing '$'.
You now have 37 gold pieces (gained 7).
A kobold comes into view. It is wielding a +0 whip.
Found a mace.
You shoot an arrow. The arrow closely misses the kobold.
You shoot an arrow. The arrow hits the kobold.
You kill the kobold!
You see here a +0 mace.
Found a stone staircase leading down.
There is a stone staircase leading down here.
Found 4 stones.
Natasha, Servant of Life and Death comes into view.
Natasha hisses angrily.
Natasha stares at you and mumbles some strange words.
The magic dart hits you!
Ouch! That really hurt!
Enter note:
609 ||| FLEEEEING.
610 ||| FLEEEEING.
611 ||| FLEEEEING.
Natasha casts a spell at you.
You feel yourself slow down.
You shoot an arrow. The arrow hits Natasha.
Natasha is lightly wounded.
Natasha hisses.
You shoot an arrow. The arrow hits Natasha.
Natasha is moderately wounded.
You shoot an arrow. The arrow barely misses Natasha.
Natasha stares at you and mumbles some strange words.
The magic dart hits you.
Natasha mumbles some strange words.
You shoot an arrow. The arrow hits Natasha!
Natasha is severely wounded.
Natasha claws you!
Ouch! That really hurt!
You die...

#.............######
#.############# #.#
#.# #.# ##.#########
#........(..
#....###### #.##@#
#. #h# .#.#.# .#
#.5# ## #.#.# #.#...
###..## #..# ....


You could see Natasha and a cerulean imp (summoned).

Vanquished Creatures
  2 dart slugs
  A giant cockroach (D:1)
  5 goblins
  4 hobgoblins (D:1)
  3 ball pythons (D:1)
  A bat (D:1)
  2 frilled lizards (D:1)
  A kobold (D:2)
  A rat (D:1)
20 creatures vanquished.

Notes
Turn   | Place    | Note
-------+----------+-------------------------------------------
     0 | D:1      | qw the Deep Elf Hunter began the quest for the Orb.
     0 | D:1      | Reached XP level 1. HP: 12/12 MP: 3/3
     0 | D:1      | 0 ||| qw: Version: 0.3-a-22-g0ed2b0b
     0 | D:1      | 0 ||| qw: Game counter: 5479
     0 | D:1      | 0 ||| qw: Melee chars always use a shield: true
     0 | D:1      | 0 ||| qw: God list: Okawaru
     0 | D:1      | 0 ||| qw: Allow faded altars: false
     0 | D:1      | 0 ||| qw: Do Orc after clearing Dungeon:15 true
     0 | D:1      | 0 ||| qw: Do second Lair branch before Depths: true
     0 | D:1      | 0 ||| qw: Lair rune preference: random
     0 | D:1      | 0 ||| qw: Goals: Normal
     0 | D:1      | 0 ||| PLANNING D:1-11
    80 | D:1      | Reached skill level 6 in Ranged Weapons
    80 | D:1      | Reached XP level 2. HP: 16/16 MP: 4/4
   360 | D:1      | 360 ||| UPGRADING to +0 pair of gloves.
   365 | D:1      | 365 ||| UPGRADING to +0 scale mail.
   375 | D:1      | 375 ||| DROPPING +0 leather armour.
   376 | D:1      | 376 ||| READING 2 scrolls labelled XEHULA BUWNU.
   377 | D:1      | 377 ||| DROPPING scroll of immolation.
   378 | D:1      | 378 ||| DROPPING scroll of butterflies.
   441 | D:2      | Found Vicryw's General Store.
   449 | D:2      | 449 ||| SHOPLISTING +2 cloak of the Thief {*Fog Slay-2 SInv
                  | Stlth+} (281 gold, have 58).
   449 | D:2      | 449 ||| SHOPLISTING potion of cancellation (112 gold, have
                  | 58).
   449 | D:2      | 449 ||| SHOPLISTING potion of heal wounds (70 gold, have
                  | 58).
   449 | D:2      | 449 ||| BUYING scroll of identify (28 gold).
   449 | D:2      | Bought a scroll of identify for 28 gold pieces
   608 | D:2      | Noticed Natasha
   608 | D:2      | HP: 4/16 [Natasha/magic dart (12)]
   609 | D:2      | 609 ||| FLEEEEING.
   610 | D:2      | 610 ||| FLEEEEING.
   611 | D:2      | 611 ||| FLEEEEING.
   614 | D:2      | HP: 4/16 [Natasha/magic dart (2)]
   615 | D:2      | Slain by Natasha

Levels and vault maps discovered:
D:1:      amcnicky_arrival_blooded_trapdoor, layout_rooms
D:2:      layout_loops_ring, ebering_ecumenical_altar_hall, serial_shops,
          nicolae_shop_trees, uniq_natasha

Skill      XL: |  1 |
---------------+----+-----
Ranged Weapons | 6 |  6.5
Fighting       | |  1.5
Dodging        | |  2.4
Stealth        | |  1.2

Action                     || total
---------------------------++-------
   Fire: Shortbow          ||    48
    Use: Scroll            ||     1
 Armour: Scale mail        ||     1
  Dodge: Dodged            ||     2

Table legend:
 A = Non-vault XP
 B = Vault XP
 C = Vault XP percentage of total XP
 D = Non-vault monster count
 E = Vault monster count
 F = Vault count percentage of total count
                 A         B        C        D         E       F
            +---------+---------+-------+---------+---------+-------
      Total |      35 |       0 |   0.0 |      20 |       0 |   0.0
            +---------+---------+-------+---------+---------+-------
        D:1 |      28 |       0 |   0.0 |      17 |       0 |   0.0
        D:2 |       7 |       0 |   0.0 |       3 |       0 |   0.0
            +---------+---------+-------+---------+---------+-------
